 Dungeon Crawl Stone Soup version 0.14-a0-1773-ge500af7 (webtiles) character file.

293 4tharraofdagon the Practitioner (level 5, -1/45 HPs)
             Began as a Minotaur Healer on Jan 6, 2014.
             Was a Believer of Elyvilon.
             Slain by a centaur (3 damage)
             ... on Level 4 of the Dungeon.
             The game lasted 00:05:27 (1793 turns).

4tharraofdagon the Practitioner (Minotaur Healer)   Turns: 1793, Time: 00:05:27

HP  -1/45        AC  8     Str 17      XL: 5   Next: 39%
MP   6/6         EV  8     Int  9      God: Elyvilon [**....]
Gold 106         SH  0     Dex 10      Spells:  0 memorised,  4 levels left

rFire  . . .     SeeInvis .     (no weapon)
rCold  . . .     Clarity  .     c - +0 orc scale mail
rNeg   . . .     Conserve .     (no shield)
rPois  .         rCorr    .     (helmet restricted)
rElec  .         rRot     .     (no cloak)
SustAb . .       Spirit   .     (no gloves)
rMut   .         Warding  .     k - +0 pair of boots
Saprov . . .     Stasis   .     (no amulet)
                                (no ring)
                                (no ring)

@: slightly resistant to hostile enchantments, extremely unstealthy
A: retaliatory headbutt, horns 2
a: Lesser Healing, Lesser Self-Healing, Divine Protection, Purification,
Renounce Religion


You were on level 4 of the Dungeon.
You worshipped Elyvilon.
Elyvilon was pleased with you.
You were hungry.

You visited 1 branch of the dungeon, and saw 4 of its levels.

You collected 106 gold pieces.

Inventory:

Armour
 a - a +1 robe
 c - a +0 orcish scale mail (worn)
 k - a +0 pair of boots (worn)
Magical devices
 r - a wand of paralysis (8)
Comestibles
 d - 2 bread rations
 g - a sausage
 m - a meat ration
Scrolls
 e - 3 scrolls of remove curse {unknown}
 f - 3 scrolls of teleportation {unknown}
 i - 2 scrolls of identify {unknown}
 j - a scroll of enchant weapon I {unknown}
 l - 2 scrolls of immolation {unknown}
 o - a scroll of fog {unknown}
 p - a scroll of magic mapping {unknown}
Jewellery
 n - an uncursed amulet of inaccuracy {unknown}
Potions
 b - 2 potions of curing
 h - 3 potions of agility {unknown}
 q - a potion of mutation {unknown}


   Skills:
 + Level 3.6 Fighting
 + Level 3.3 Armour
 - Level 2.3 Dodging
 + Level 4.1 Invocations


You had 4 spell levels left.
You didn't know any spells.

Dungeon Overview and Level Annotations

Branches:
Dungeon (4/16)
 Temple: D:4-7

Altars:


Innate Abilities, Weirdness & Mutations

You reflexively headbutt those who attack you in melee.
You have a pair of horns on your head.


Message History

The centaur is almost dead.
The centaur misses you. You furiously retaliate!
You headbutt the centaur, but do no damage.
The centaur closely misses you.
You hit the centaur but do no damage.
The centaur is almost dead.
The centaur hits you.
* * * LOW HITPOINT WARNING * * *
You hit the centaur but do no damage.
The centaur is almost dead.
The centaur hits you.
* * * LOW HITPOINT WARNING * * *
The centaur hits you.
* * * LOW HITPOINT WARNING * * *
You hit the centaur but do no damage.
The centaur is almost dead.
The centaur hits you!
* * * LOW HITPOINT WARNING * * *
The centaur hits you.
You die...

#.#..# #.#
#.#..###.####.#
#.#....c......#
#.#.####.#######
..#####...#....c......
..........#.......####
.#######..#.......####
######..#.......(...
#..@cK..#......(####
#.####..#.......####
#. #........<....> #.
##.##.##.###.). ..
#.##.##.# #..# ##
#.##.##.# #.##
#.##..... ...
#.####.###### . #.


You could see a centaur and a kobold.

Vanquished Creatures
  An iguana (D:4)
  A worker ant (D:4)
  A hound skeleton (D:4)
  5 adders
  A gnoll (D:3)
  5 giant geckos
  3 orcs
  2 ball pythons (D:1)
  7 bats
  3 giant cockroaches
  5 goblins
  6 hobgoblins
  4 jackals
  16 kobolds
  2 quokkas
  7 rats
69 creatures vanquished.

Notes
Turn   | Place    | Note
--------------------------------------------------------------
     0 | D:1      | 4tharraofdagon, the Minotaur Healer, began the quest for the Orb.
     0 | D:1      | Reached XP level 1. HP: 16/16 MP: 1/1
    86 | D:1      | Reached XP level 2. HP: 17/23 MP: 1/1
   121 | D:1      | Reached skill level 1 in Armour
   176 | D:1      | Reached skill level 3 in Invocations
   617 | D:2      | Reached XP level 3. HP: 22/29 MP: 4/4
   866 | D:2      | Reached XP level 4. HP: 32/37 MP: 5/5
  1636 | D:4      | Reached XP level 5. HP: 29/45 MP: 6/6
  1648 | D:4      | Reached skill level 4 in Invocations
  1726 | D:4      | Noticed a centaur
  1793 | D:4      | HP: 2/45 [centaur (7)]
  1793 | D:4      | Slain by a centaur

Action                   |  1- 3 |  4- 6 || total
-------------------------+-------+-------++-------
Melee: Unarmed           |   136 |   179 ||   315
Invok: Lesser Self-Heali |     4 |       ||     4
Evoke: Wand              |       |     2 ||     2
  Use: Potion            |       |     3 ||     3
 Stab: Sleeping          |       |     1 ||     1
       Paralysed         |       |    18 ||    18
